 Dungeon Sprint DCSS version 0.21-a0-358-g8928369 (webtiles) character file.

1400000 pkoi the Executioner (level 13, -5/113 HPs)
             Began as a Centaur Gladiator on Oct 12, 2017.
             Was a Follower of Makhleb.
             Slain by a meat berserker
             ... wielding a +9 battleaxe
              (34 damage)
             ... in the Dungeon (Sprint VIII: "Arena of Blood").
             The game lasted 00:00:42 (14 turns).

pkoi the Executioner (Centaur Gladiator)              Turns: 14, Time: 00:00:42

Health: -5/113     AC:  5    Str: 23    XL:     13   Next: 71%
Magic:  13/13      EV: 15    Int:  7    God:    Makhleb [*.....]
Gold:   0          SH:  0    Dex: 10    Spells: 12/12 levels left

rFire    . . .     SeeInvis .   l - +∞ Axe of Woe
rCold    . . .     Gourm    .   (shield currently unavailable)
rNeg     . . .     Faith    .   b - +0 leather armour
rPois    .         Spirit   .   c - +0 helmet
rElec    .         Reflect  .   (no cloak)
rCorr    .         Harm     .   (no gloves)
MR       .....     NoTele   +   (no barding)
Stlth    ..........             (no amulet)
HPRegen  0.28/turn              (no ring)
MPRegen  0.13/turn              (no ring)

@: very quick
A: hooves 3, deformed body, speed 2, tough skin 3
a: Renounce Religion


You were in the Dungeon.
You worshipped Makhleb.
Makhleb was aware of your devotion.
You were not hungry.

You visited 1 branch

Inventory:

Hand Weapons
 l - the +∞ Axe of Woe (weapon)
   (You found it in the Dungeon)
Missiles
 d - 3 throwing nets (quivered)
Armour
 b - a +0 leather armour (worn)
 c - a +0 helmet (worn)
Scrolls
 k - a scroll of blinking
Potions
 e - a potion of curing
 g - a potion of heal wounds
 h - a potion of haste
 i - 2 potions of magic
 j - a potion of berserk rage
Comestibles
 f - a bread ration


   Skills:
 - Level 9.9 Fighting
 + Level 24.8 Axes
 - Level 11.2 Throwing
 - Level 2.0 Armour
 - Level 14.0 Dodging


You had 12 spell levels left.
You didn't know any spells.

Dungeon Overview and Level Annotations

Branches:
Dungeon (1/1)

Altars:
Makhleb


Innate Abilities, Weirdness & Mutations

You have hooves in place of feet.
Armour fits poorly on your strangely shaped body.
You cover ground very quickly.
You have extremely tough skin. (AC +3)


Message History

You slash the meat berserker!
You cleave the meat berserker in twain.
You kill the meat berserker!
Makhleb accepts your kill.
You can now gain health from killing.
Your Axes skill gained 8 levels and is now at level 24!
You have reached level 12!
Your experience leads to an increase in your attributes!
Increase (S)trength, (I)ntelligence, or (D)exterity?
You feel stronger. x2
You have reached level 13!
You hear a shout! x6
The meat berserker appears out of thin air!
A meat berserker comes into view. It is wielding a +9 battleaxe.
The meat berserker hits you with a +9 battleaxe!! x2
* * * LOW HITPOINT WARNING * * *
You hear a shout! x4 2 orcs and an ogre come into view. 2 orcs and an ogre come into view.
The bag of meat shouts! x3; The meat berserker shouts!
You hear a shout! x2
The meat berserker hits you with a +9 battleaxe!!
You die...

o...##.##..O.o.
......o.........
.o....o#.#......
..o............#
................
..O.............
.....o..........
.......o@.......
.#o..OOO.#.....
#.....).# ...
.###o......###...
......###..o.....
...o..._.........
....#.....#......
....#_.<._#......
.. #.....#...O..


You could see 5 meat berserkers and 12 bags of meat.

Vanquished Creatures
  An ogre (D)
  An orc (D)
2 creatures vanquished.

Notes
Turn   | Place    | Note
-------+----------+-------------------------------------------
     0 | D        | Found the +∞ Axe of Woe
     0 | D        | pkoi the Centaur Gladiator began the quest for the Orb.
     0 | D        | Reached XP level 1. HP: 17/17 MP: 1/1
     4 | D        | Became a worshipper of Makhleb the Destroyer
     6 | D        | Noticed a meat berserker
     6 | D        | Noticed a bag of meat
     7 | D        | Noticed a bag of meat
     9 | D        | Killed a bag of meat
     9 | D        | Reached skill level 16 in Axes
     9 | D        | Reached XP level 2. HP: 34/38 MP: 2/2
     9 | D        | Reached XP level 3. HP: 40/45 MP: 3/3
     9 | D        | Reached XP level 4. HP: 46/51 MP: 4/4
     9 | D        | Reached XP level 5. HP: 52/58 MP: 5/5
     9 | D        | Reached XP level 6. HP: 59/66 MP: 6/6
     9 | D        | Reached XP level 7. HP: 64/71 MP: 7/7
     9 | D        | Reached XP level 8. HP: 71/79 MP: 8/8
     9 | D        | Reached XP level 9. HP: 76/85 MP: 9/9
     9 | D        | Reached XP level 10. HP: 83/93 MP: 10/10
     9 | D        | Reached XP level 11. HP: 89/99 MP: 11/11
    10 | D        | Noticed a bag of meat
    10 | D        | Noticed a bag of meat
    10 | D        | Noticed a meat berserker
    10 | D        | Noticed a meat berserker
    11 | D        | Noticed a meat berserker
    12 | D        | Noticed a bag of meat
    12 | D        | Noticed a bag of meat
    12 | D        | Noticed a bag of meat
    13 | D        | Noticed a bag of meat
    13 | D        | Noticed a bag of meat
    13 | D        | Killed a meat berserker
    13 | D        | Reached * piety under Makhleb
    13 | D        | Reached skill level 24 in Axes
    13 | D        | Reached XP level 12. HP: 79/106 MP: 12/12
    13 | D        | Reached XP level 13. HP: 84/113 MP: 13/13
    14 | D        | Noticed a bag of meat
    14 | D        | Noticed a meat berserker
    14 | D        | Noticed a bag of meat
    14 | D        | Noticed a meat berserker
    14 | D        | Noticed a bag of meat
    14 | D        | Noticed a bag of meat
    14 | D        | Noticed a meat berserker
    14 | D        | Slain by a meat berserker

Vault maps used:
D:        meatsprint

Skill      XL: |  1  2  3  4  5  6  7  8  9 10 11 |
---------------+----------------------------------+-----
Fighting       | 9 |  9.9
Axes           | 16 24 | 24.8
Throwing       | 11 | 11.2
Armour         | 2 |  2.0
Dodging        | 14 | 14.0

Action                   |  1- 3 |  4- 6 |  7- 9 | 10-12 | 13-15 || total
-------------------------+-------+-------+-------+-------+-------++-------
Melee: Executioner's axe |     1 |       |       |     1 |       ||     2

Table legend:
 A = Spawn XP
 B = Non-spawn XP
 C = Spawn XP percentage of total XP
 D = Spawn monster count
 E = Non-spawn monster count
 F = Spawn count percentage of total count
 G = Total turns spent on level
                    A         B        C        D         E        F      G
               +---------+---------+-------+---------+---------+-------+---------
         Total |       0 |   57000 |   0.0 |       0 |       2 |   0.0 |    14
               +---------+---------+-------+---------+---------+-------+---------
             D |       0 |   57000 |   0.0 |       0 |       2 |   0.0 |    14
               +---------+---------+-------+---------+---------+-------+---------
